| TOP OF THE 1ST |
|
Indianapolis Indians batting - Pitching for Louisville Bats : RHP Chris Galo
|
|
Pitching: RHP Chris Galo
|
|
|
Batting: RHB Jerry Escamilla
|
0-0: Ground out 4-3 (Groundball, 4, EV 85.0 MPH)
|
|
Batting: RHB Bubba Tierney
|
0-0: SINGLE (Groundball, 34S, EV 71.2 MPH) (infield hit)
|
|
Batting: LHB Edwin Aguilar
|
0-0: Called Strike 0-1: Ball 1-1: Foul Ball, location: 2F 1-2: Strikes out looking
|
|
Batting: LHB Alberto Figueroa
|
0-0: Called Strike 0-1: Ball 1-1: Called Strike Bubba Tierney steals 2nd base 1-2: Fly out, F9 (Line Drive, 89M, EV 103.1 MPH)
|
| Top of the 1st over - 0 runs, 1 hit, 0 errors, 1 left on base; Indianapolis 0 - Louisville 0 |
| BOTTOM OF THE 1ST |
|
Louisville Bats batting - Pitching for Indianapolis Indians : RHP Dave Spriggs
|
|
Pitching: RHP Dave Spriggs
|
|
|
Batting: RHB Ryan Short
|
0-0: Ball 1-0: Ball 2-0: SINGLE (Groundball, 56D, EV 110.0 MPH)
|
|
Batting: RHB Danny Real
|
0-0: Swinging Strike 0-1: Ball 1-1: Ball 2-1: Fielders Choice at 2nd, 6-4 (Groundball, 56D, EV 87.5 MPH)
|
|
Batting: RHB Won-jun Park
|
0-0: Ball Danny Real steals 2nd base (no throw) 1-0: Ball 2-0: Foul Ball, location: 2F 2-1: Foul Ball, location: 2F 2-2: Fly out, F8 (Flyball, 8LXD, EV 102.5 MPH) Runner from 2nd tags up, SAFE at 3rd, no throw by CF
|
|
Batting: SHB Freddie Farrar
|
0-0: Ground out U3 (Groundball, 3, EV 101.9 MPH)
|
| Bottom of the 1st over - 0 runs, 1 hit, 0 errors, 1 left on base; Indianapolis 0 - Louisville 0 |
| TOP OF THE 2ND |
|
Indianapolis Indians batting - Pitching for Louisville Bats : RHP Chris Galo
|
|
Batting: RHB Chris Pozzi
|
0-0: Ball 1-0: Ball 2-0: Ball 3-0: Base on Balls
|
|
Batting: RHB Adam Kaeser
|
0-0: Ball 1-0: Ball 2-0: Foul Ball, location: 2F 2-1: Called Strike 2-2: Foul Ball, location: 2F 2-2: Foul Ball, location: 2F 2-2: Foul Ball, location: 2F 2-2: Ball 3-2: Base on Balls Chris Pozzi to second
|
|
Batting: LHB Jorge Quintana
|
0-0: Ball 1-0: Foul Ball, location: 2F 1-1: Swinging Strike 1-2: Foul Ball, location: 2F 1-2: Strikes out swinging
|
|
Batting: RHB Isaiah Yarbrough
|
0-0: Called Strike 0-1: Fly out, F7 (Flyball, 7, EV 87.5 MPH)
|
|
Batting: RHB Slamet Pamungkas
|
0-0: Called Strike 0-1: Ground out 1-3 (Groundball, 13, EV 71.9 MPH)
|
| Top of the 2nd over - 0 runs, 0 hits, 0 errors, 2 left on base; Indianapolis 0 - Louisville 0 |
| BOTTOM OF THE 2ND |
|
Louisville Bats batting - Pitching for Indianapolis Indians : RHP Dave Spriggs
|
|
Batting: LHB Satoru Handa
|
0-0: Ground out 3-1 (Groundball, 34, EV 101.2 MPH)
|
|
Batting: RHB Pedro Pinero
|
0-0: Called Strike 0-1: Ground out 4-3 (Groundball, 4M, EV 108.1 MPH)
|
|
Batting: SHB Paul Sandoval
|
0-0: Ball 1-0: Fly out, F8 (Line Drive, 8RM, EV 92.5 MPH)
|
| Bottom of the 2nd over - 0 runs, 0 hits, 0 errors, 0 left on base; Indianapolis 0 - Louisville 0 |
| TOP OF THE 3RD |
|
Indianapolis Indians batting - Pitching for Louisville Bats : RHP Chris Galo
|
|
Batting: RHB Jerry Escamilla
|
0-0: Ball 1-0: Ball 2-0: SINGLE (Line Drive, 89S, EV 105.6 MPH)
|
|
Batting: RHB Bubba Tierney
|
0-0: Foul Ball, location: 2F 0-1: Ball 1-1: Ball 2-1: Called Strike 2-2: Ball 3-2: Foul Ball, location: 2F 3-2: Strikes out swinging
|
|
Batting: LHB Edwin Aguilar
|
0-0: Foul Ball, location: 2F 0-1: Foul Ball, location: 2F 0-2: TRIPLE (Line Drive, 89XD, EV 99.4 MPH) Jerry Escamilla scores
|
|
Batting: LHB Alberto Figueroa
|
0-0: Swinging Strike 0-1: Foul Ball, location: 2F 0-2: Ball 1-2: SINGLE (Groundball, 4MD, EV 101.9 MPH) Edwin Aguilar scores
|
|
Batting: RHB Chris Pozzi
|
0-0: Ball 1-0: Ball 2-0: Called Strike 2-1: Ground out 5-3 (Groundball, 56S, EV 70.6 MPH) Alberto Figueroa to second
|
|
Batting: RHB Adam Kaeser
|
0-0: Fly out, F7 (Flyball, 7, EV 91.2 MPH)
|
| Top of the 3rd over - 2 runs, 3 hits, 0 errors, 1 left on base; Indianapolis 2 - Louisville 0 |
| BOTTOM OF THE 3RD |
|
Louisville Bats batting - Pitching for Indianapolis Indians : RHP Dave Spriggs
|
|
Batting: RHB Colin Lord
|
0-0: Swinging Strike 0-1: Ball 1-1: Called Strike 1-2: Ball 2-2: Ball 3-2: Base on Balls
|
|
Batting: RHB Eric Sullivan
|
0-0: Grounds into double play, 5-4-3 (Groundball, 56S, EV 85.0 MPH)
|
|
Batting: RHB Ryan Short
|
0-0: SINGLE (Groundball, 4MD, EV 108.1 MPH)
|
|
Batting: RHB Danny Real
|
0-0: Called Strike 0-1: Swinging Strike 0-2: Foul Ball, location: 2F 0-2: Ball 1-2: Fly out, F9 (Flyball, 89D, EV 86.2 MPH)
|
| Bottom of the 3rd over - 0 runs, 1 hit, 0 errors, 1 left on base; Indianapolis 2 - Louisville 0 |
| TOP OF THE 4TH |
|
Indianapolis Indians batting - Pitching for Louisville Bats : RHP Chris Galo
|
|
Batting: LHB Jorge Quintana
|
0-0: Foul Ball, location: 2F 0-1: Swinging Strike 0-2: Foul Ball, location: 2F 0-2: Ball 1-2: Ball 2-2: Ball 3-2: Ground out U3 (Groundball, 3, EV 84.4 MPH)
|
|
Batting: RHB Isaiah Yarbrough
|
0-0: Called Strike 0-1: Ball 1-1: Ball 2-1: Ground out 5-3 (Groundball, 56S, EV 85.0 MPH)
|
|
Batting: RHB Slamet Pamungkas
|
0-0: Called Strike 0-1: Ball 1-1: Swinging Strike 1-2: Ground out 3-1 (Groundball, 34S, EV 87.5 MPH)
|
| Top of the 4th over - 0 runs, 0 hits, 0 errors, 0 left on base; Indianapolis 2 - Louisville 0 |
| BOTTOM OF THE 4TH |
|
Louisville Bats batting - Pitching for Indianapolis Indians : RHP Dave Spriggs
|
|
Batting: RHB Won-jun Park
|
0-0: Ball 1-0: Ball 2-0: Foul Ball, location: 2F 2-1: Ball 3-1: Called Strike 3-2: Strikes out swinging
|
|
Batting: SHB Freddie Farrar
|
0-0: Called Strike 0-1: Called Strike 0-2: Ball 1-2: Ball 2-2: Foul Ball, location: 2F 2-2: Ball 3-2: DOUBLE (Groundball, 3L, EV 98.1 MPH)
|
|
Batting: LHB Satoru Handa
|
0-0: Ground out 5-3 (Groundball, 5L, EV 83.8 MPH)
|
|
Batting: RHB Pedro Pinero
|
0-0: Ball 1-0: Called Strike 1-1: Called Strike 1-2: Foul Ball, location: 2F 1-2: Ball 2-2: Ground out 3-1 (Groundball, 34, EV 103.1 MPH)
|
| Bottom of the 4th over - 0 runs, 1 hit, 0 errors, 1 left on base; Indianapolis 2 - Louisville 0 |
| TOP OF THE 5TH |
|
Indianapolis Indians batting - Pitching for Louisville Bats : RHP Chris Galo
|
|
Batting: RHB Jerry Escamilla
|
0-0: Foul Ball, location: 2F 0-1: Fly out, F8 (Flyball, 8RD, EV 86.2 MPH)
|
|
Batting: RHB Bubba Tierney
|
0-0: Called Strike 0-1: Ball 1-1: Ball 2-1: Ball 3-1: Foul Ball, location: 2F 3-2: SINGLE (Groundball, 4D, EV 94.4 MPH)
|
|
Batting: LHB Edwin Aguilar
|
0-0: Called Strike 0-1: Ball Bubba Tierney steals 2nd, throwing error, E2 Bubba Tierney to third 1-1: SINGLE (Groundball, 34D, EV 105.6 MPH) Bubba Tierney scores
|
|
Batting: LHB Alberto Figueroa
|
0-0: Ball 1-0: Called Strike 1-1: Ball 2-1: Ball 3-1: Foul Ball, location: 2F 3-2: Base on Balls Edwin Aguilar to second
|
|
Batting: RHB Chris Pozzi
|
0-0: Called Strike 0-1: Ball 1-1: Ball 2-1: Ball 3-1: Base on Balls Edwin Aguilar to third Alberto Figueroa to second
|
|
Batting: RHB Adam Kaeser
|
0-0: Ball 1-0: SINGLE (Groundball, 4D, EV 103.1 MPH) Edwin Aguilar scores Alberto Figueroa to third Chris Pozzi to second Runner from 3rd tries for Home, SAFE, throw by CF to home
|
|
Pitching: RHP Joaquin Villalobos
|
|
|
Batting: LHB Jorge Quintana
|
0-0: Ball 1-0: Ball 2-0: Ball 3-0: Fly out, F8 (Flyball, 8LXD, EV 86.9 MPH) Runner from 2nd tags up, SAFE at 3rd, no throw by CF
|
|
Batting: RHB Isaiah Yarbrough
|
0-0: Fly out, F4 (Popup, 34, EV 58.1 MPH)
|
| Top of the 5th over - 3 runs, 3 hits, 1 error, 2 left on base; Indianapolis 5 - Louisville 0 |
| BOTTOM OF THE 5TH |
|
Louisville Bats batting - Pitching for Indianapolis Indians : RHP Dave Spriggs
|
|
Batting: SHB Paul Sandoval
|
0-0: Foul Ball, location: 2F 0-1: Swinging Strike 0-2: SINGLE (Groundball, 56D, EV 104.4 MPH)
|
|
Batting: RHB Colin Lord
|
0-0: Ball 1-0: Ball 2-0: Foul Ball, location: 2F 2-1: Foul Ball, location: 2F 2-2: Foul Ball, location: 2F 2-2: Foul Ball, location: 2F 2-2: Ball 3-2: Ground out 6-3 (Groundball, 6, EV 106.2 MPH) Paul Sandoval to second
|
|
Batting: RHB Eric Sullivan
|
0-0: Ball 1-0: Ball 2-0: Fly out, F4 (Popup, 4S, EV 73.8 MPH)
|
|
Batting: RHB Ryan Short
|
0-0: Ball 1-0: Ground out 6-3 (Groundball, 56, EV 109.4 MPH)
|
| Bottom of the 5th over - 0 runs, 1 hit, 0 errors, 1 left on base; Indianapolis 5 - Louisville 0 |
| TOP OF THE 6TH |
|
Indianapolis Indians batting - Pitching for Louisville Bats : RHP Joaquin Villalobos
|
|
Batting: RHB Slamet Pamungkas
|
0-0: Called Strike 0-1: Ground out 6-3 (Groundball, 4M, EV 100.0 MPH)
|
|
Batting: RHB Jerry Escamilla
|
0-0: Ground out 6-3 (Groundball, 6, EV 98.8 MPH)
|
|
Batting: RHB Bubba Tierney
|
0-0: Swinging Strike 0-1: Ball 1-1: Foul Ball, location: 2F 1-2: Ball 2-2: Strikes out swinging
|
| Top of the 6th over - 0 runs, 0 hits, 0 errors, 0 left on base; Indianapolis 5 - Louisville 0 |
| BOTTOM OF THE 6TH |
|
Louisville Bats batting - Pitching for Indianapolis Indians : RHP Dave Spriggs
|
|
Batting: RHB Danny Real
|
0-0: Ball 1-0: Ball 2-0: Ball 3-0: Called Strike 3-1: Swinging Strike 3-2: Base on Balls
|
|
Batting: RHB Won-jun Park
|
0-0: Ball 1-0: Called Strike Danny Real steals 2nd base (no throw) 1-1: Foul Ball, location: 2F 1-2: Strikes out swinging
|
|
Batting: SHB Freddie Farrar
|
0-0: Ball Danny Real is caught stealing 3rd base 2-5 1-0: Ball 2-0: Ground out 3-1 (Groundball, 34, EV 98.8 MPH)
|
| Bottom of the 6th over - 0 runs, 0 hits, 0 errors, 0 left on base; Indianapolis 5 - Louisville 0 |
| TOP OF THE 7TH |
|
Indianapolis Indians batting - Pitching for Louisville Bats : RHP Joaquin Villalobos
|
|
Batting: LHB Edwin Aguilar
|
0-0: Ball 1-0: Swinging Strike 1-1: Foul Ball, location: 2F 1-2: Strikes out swinging, 2-3 out at first.
|
|
Batting: LHB Alberto Figueroa
|
0-0: Ball 1-0: Ground out 4-3 (Groundball, 4, EV 86.2 MPH)
|
|
Batting: RHB Chris Pozzi
|
0-0: Ball 1-0: Foul Ball, location: 2F 1-1: Swinging Strike 1-2: Foul Ball, location: 2F 1-2: Ball 2-2: Foul Ball, location: 2F 2-2: Fly out, F9 (Line Drive, 89D, EV 98.8 MPH)
|
| Top of the 7th over - 0 runs, 0 hits, 0 errors, 0 left on base; Indianapolis 5 - Louisville 0 |
| BOTTOM OF THE 7TH |
|
Louisville Bats batting - Pitching for Indianapolis Indians : RHP Dave Spriggs
|
|
Batting: LHB Satoru Handa
|
0-0: Foul Ball, location: 2F 0-1: Swinging Strike 0-2: Strikes out looking
|
|
Batting: RHB Pedro Pinero
|
0-0: Foul Ball, location: 2F 0-1: Ball 1-1: Ball 2-1: Foul Ball, location: 2F 2-2: SINGLE (Groundball, 4D, EV 98.8 MPH)
|
|
Batting: SHB Paul Sandoval
|
0-0: Ball 1-0: Foul Ball, location: 2F 1-1: Foul Ball, location: 2F 1-2: Ball 2-2: Strikes out swinging
|
|
Batting: RHB Colin Lord
|
0-0: Called Strike 0-1: Ball Pedro Pinero steals 2nd base 1-1: Swinging Strike 1-2: Ball 2-2: Strikes out looking
|
| Bottom of the 7th over - 0 runs, 1 hit, 0 errors, 1 left on base; Indianapolis 5 - Louisville 0 |
| TOP OF THE 8TH |
|
Indianapolis Indians batting - Pitching for Louisville Bats : RHP Joaquin Villalobos
|
|
Batting: RHB Adam Kaeser
|
0-0: Ball 1-0: Ground out 5-3 (Groundball, 56S, EV 66.2 MPH)
|
|
Batting: LHB Jorge Quintana
|
0-0: Ball 1-0: Ball 2-0: Fly out, F9 (Line Drive, 9, EV 93.8 MPH)
|
|
Batting: RHB Isaiah Yarbrough
|
0-0: Ball 1-0: Ball 2-0: Ball 3-0: Fly out, F4 (Popup, 4D, EV 48.8 MPH)
|
| Top of the 8th over - 0 runs, 0 hits, 0 errors, 0 left on base; Indianapolis 5 - Louisville 0 |
| BOTTOM OF THE 8TH |
|
Louisville Bats batting - Pitching for Indianapolis Indians : RHP Dave Spriggs
|
|
Batting: RHB Eric Sullivan
|
0-0: Foul Ball, location: 2F 0-1: Ball 1-1: Swinging Strike 1-2: Ball 2-2: Strikes out looking
|
|
Pitching: RHP Mitch Ingerson
|
|
|
Batting: RHB Ryan Short
|
0-0: Called Strike 0-1: Fly out, F9 (Flyball, 9D, EV 105.0 MPH)
|
|
Batting: RHB Danny Real
|
0-0: Ball 1-0: Called Strike 1-1: Ball 2-1: Swinging Strike 2-2: Foul Ball, location: 2F 2-2: Foul Ball, location: 2F 2-2: Strikes out swinging
|
| Bottom of the 8th over - 0 runs, 0 hits, 0 errors, 0 left on base; Indianapolis 5 - Louisville 0 |
| TOP OF THE 9TH |
|
Indianapolis Indians batting - Pitching for Louisville Bats : RHP Joaquin Villalobos
|
|
Batting: RHB Slamet Pamungkas
|
0-0: Foul Ball, location: 2F 0-1: Ground out 3-1 (Groundball, 34, EV 90.6 MPH)
|
|
Batting: RHB Jerry Escamilla
|
0-0: Called Strike 0-1: Ball 1-1: Ball 2-1: Foul Ball, location: 2F 2-2: SINGLE (Groundball, 6MD, EV 110.0 MPH)
|
|
Batting: RHB Bubba Tierney
|
0-0: Ball 1-0: Ground out 4-3 (Groundball, 34D, EV 107.5 MPH) Jerry Escamilla to second
|
|
Batting: LHB Edwin Aguilar
|
0-0: Foul Ball, location: 2F 0-1: Called Strike 0-2: Ground out 4-3 (Groundball, 4, EV 86.2 MPH)
|
| Top of the 9th over - 0 runs, 1 hit, 0 errors, 1 left on base; Indianapolis 5 - Louisville 0 |
| BOTTOM OF THE 9TH |
|
Louisville Bats batting - Pitching for Indianapolis Indians : RHP Mitch Ingerson
|
|
Batting: RHB Won-jun Park
|
0-0: Ball 1-0: Foul Ball, location: 2F 1-1: Swinging Strike 1-2: Ball 2-2: Ground out 5-3 (Groundball, 56, EV 89.4 MPH)
|
|
Batting: SHB Freddie Farrar
|
0-0: Ball 1-0: Ball 2-0: Foul Ball, location: 2F 2-1: Swinging Strike 2-2: Ball 3-2: Strikes out swinging, 2-3 out at first.
|
|
Batting: LHB Satoru Handa
|
0-0: Fly out, F9 (Flyball, 9D, EV 91.2 MPH)
|
| Bottom of the 9th over - 0 runs, 0 hits, 0 errors, 0 left on base; Indianapolis 5 - Louisville 0 |
|